Map: Acropolis LE

Players

Nigrnog

  • Race: Terran Terran
  • League: Silver
  • Spawn Location: 11:00

MooEsqoo - Winner!

  • Race: Zerg Zerg
  • Spawn Location: 5:00

VOD

Have the link to the VOD?

Description

Time

  • Played on: Dec. 18, 2019, 5:50 a.m.
  • Length: 14:59
Show
View Real Time Build Order
Export as new Build Order

Nigrnog Terran 

Build Orders:  

Get SALT Encoding   

  12  0:01  SCV  
  13  0:13  SCV  
  14  0:21  Supply Depot  
  14  0:25  SCV  
  15  0:43  SCV  
  15  0:45  Barracks  
  16  0:53  Refinery  
  16  0:55  SCV  
  17  1:07  SCV  
  18  1:19  SCV  
  19  1:31  SCV  
  20  1:37  Barracks Reactor  
  20  1:41  Supply Depot  
  20  1:44  SCV  
  21  1:56  SCV, Command Center  
  22  2:06  Supply Depot  
  22  2:08  SCV  
  23  2:12  Barracks  
  23  2:22  Factory  
  23  2:28  Marine x2  
  25  2:44  Bunker  
  25  2:55  Marine x2  
  27  3:04  Barracks Tech Lab  
  27  3:09  Orbital Command  
  27  3:13  Marine x2  
  27  3:14  Bunker, Factory Tech Lab  
  29  3:21  Starport  
  29  3:29  SCV  
  29  3:31  Marine x2  
  32  3:41  SCV  
  33  3:45  Supply Depot  
  33  3:49  Marine  
  33  3:53  SCV  
  35  4:03  SCV  
  35  4:05  SCV  
  35  4:07  Supply Depot  
  37  4:15  SCV  
  38  4:17  SCV  
  38  4:18  Siege Tank  
  42  4:27  SCV, Refinery  
  42  4:29  SCV  
  44  4:33  Marine  
  44  4:34  Marine  
  46  4:39  SCV  
  46  4:41  SCV, Starport Reactor  
  46  4:42  Supply Depot  
  48  4:51  Marine x2  
  50  4:53  SCV  
  51  5:05  SCV  
  52  5:09  Marine  
  52  5:13  Supply Depot  
  53  5:18  SCV  
  54  5:28  Barracks  
  55  5:30  SCV, Marauder  
  55  5:32  Combat Shield  
  57  5:36  Supply Depot  
  57  5:39  SCV  
  57  5:42  SCV, Marine x2  
  61  5:46  Supply Depot  
  61  5:51  SCV, Marauder  
  61  5:52  Refinery  
  61  5:54  SCV, Refinery  
  65  6:00  Marine x2  
  67  6:06  SCV  
  67  6:09  Supply Depot  
  68  6:12  Bunker  
  68  6:13  Marauder  
  68  6:18  SCV, Barracks Tech Lab, Marine x2  
  73  6:26  Siege Tank  
  73  6:29  Barracks  
  73  6:30  SCV  
  77  6:34  Marauder  
  77  6:36  Marine x2  
  81  6:42  SCV, Marauder  
  81  6:44  Concussive Shells  
  84  6:55  Marauder, Armory  
  86  7:04  Marauder  
  88  7:09  SCV  
  89  7:17  Marauder  
  89  7:20  Marine  
  89  7:21  SCV, Marine  
  94  7:25  Marauder  
  94  7:27  Stimpack  
  96  7:33  SCV  
  97  7:38  Marine x2  
  102  7:45  SCV, Thor  
  102  7:46  Marauder  
  102  7:49  Supply Depot  
  108  7:57  SCV  
  108  7:58  Barracks Reactor  
  109  8:00  Barracks  
  109  8:08  Factory  
  109  8:11  Supply Depot, Marauder, Terran Vehicle Weapons Level 1  
  111  8:16  Marauder  
  113  8:22  Supply Depot  
  113  8:28  Supply Depot  
  113  8:31  SCV  
  113  8:32  Marauder  
  113  8:33  Supply Depot  
  116  8:37  Marauder  
  118  8:43  SCV  
  118  8:45  Supply Depot  
  119  8:51  Supply Depot  
  119  8:54  Marauder  
  119  8:55  SCV, Marine x4  
  126  8:58  Marauder  
  128  9:07  SCV  
  129  9:10  Medivac x2  
  129  9:12  Marine  
  129  9:13  Marine x3  
  129  9:15  Marauder  
  139  9:19  SCV  
  139  9:20  Marauder  
  142  9:28  Thor  
  142  9:30  Marine x3  
  142  9:31  Marine  
  152  9:37  Marauder  
  154  9:40  Medivac x2  
  154  9:41  Marauder  
  160  9:48  Marine  
  158  9:58  Marauder  
  159  10:03  Marauder  
  159  10:05  Terran Vehicle And Ship Armor Level 1  
  159  10:07  Marine x4  
  164  10:16  Engineering Bay  
  164  10:20  Marauder  
  166  10:37  Supply Depot  
  166  10:39  Supply Depot  
  166  10:45  Supply Depot  
  166  10:54  Terran Infantry Weapons Level 1  
  166  10:58  Marine x5, Marauder  
  166  10:59  Supply Depot  
  166  11:00  Thor  
  179  11:13  Factory Tech Lab  
  179  11:16  Marine x4  
  183  11:20  Marauder  
  185  11:30  Command Center  
  185  11:33  Marine x2  
  185  11:34  Marauder  
  189  11:41  Marauder  
  189  11:43  Thor  
  186  11:51  Marine  
  137  11:55  Marauder  
  135  12:03  Marauder  
  137  12:17  Marine  
  137  12:18  Marine x3  
  142  12:24  Marauder  
  142  12:25  Marauder  
  145  12:32  Medivac  
  145  12:35  Marine x2  
  145  12:36  Marine x2  
  151  12:45  Marauder  
  151  12:46  Marauder  
  151  12:48  Terran Infantry Armor Level 1  
  155  12:53  Marine x4  
  155  12:54  Command Center  
  159  13:07  Marauder  
  159  13:08  Marauder  
  159  13:11  Marine x4  
  167  13:28  Marauder  
  167  13:29  Marine x4, Marauder  
  175  13:47  Marine x2  
  177  13:50  Marauder  
  177  13:51  Marauder  
  177  13:52  Marine x2  
  181  14:04  Marine x2  
  181  14:09  Marine  
  182  14:10  Marine  
  182  14:11  Marauder  
  182  14:12  Marauder  
  183  14:22  Marine x2  
  185  14:27  Marine x2  
  187  14:32  Marauder  
  187  14:33  Marauder  
  158  14:40  Marine x2  
Show
View Real Time Build Order
Export as new Build Order

MooEsqoo Zerg - Winner!

Build Orders: Hatch First 

Get SALT Encoding   

  12  0:03  Drone  
  13  0:10  Drone  
  14  0:29  Overlord x2  
  14  0:50  Drone  
  14  0:51  Drone  
  16  1:02  Hatchery  
  16  1:03  Drone x2  
  17  1:18  Extractor  
  16  1:21  Drone  
  16  1:24  Drone  
  18  1:30  Spawning Pool  
  17  1:35  Drone  
  18  1:45  Drone  
  19  1:58  Drone  
  20  2:09  Drone  
  21  2:17  Drone  
  21  2:18  Drone  
  21  2:21  Queen  
  25  2:24  Queen  
  25  2:26  Zergling x2  
  25  2:28  Zergling x2  
  29  2:42  Drone x2  
  31  2:46  Hatchery  
  30  3:01  Drone x3  
  30  3:02  Drone  
  34  3:10  Drone  
  34  3:12  Drone  
  36  3:35  Overlord  
  36  3:39  Overlord  
  36  3:53  Queen x2  
  40  3:59  Overlord x2  
  40  4:01  Drone x4, Zergling x2  
  40  4:02  Drone, Zergling x2  
  47  4:03  Drone x2  
  49  4:20  Drone x2  
  49  4:21  Drone  
  49  4:22  Drone  
  53  4:28  Queen x2  
  57  4:49  Drone x5  
  57  4:50  Drone x2  
  57  4:51  Drone  
  65  4:56  Roach Warren  
  64  5:05  Evolution Chamber  
  63  5:07  Drone x2  
  63  5:08  Drone x2, Evolution Chamber  
  63  5:09  Drone  
  63  5:12  Zergling x4  
  69  5:18  Extractor  
  69  5:20  Extractor  
  67  5:27  Extractor  
  66  5:32  Extractor  
  66  5:34  Extractor  
  64  5:37  Overlord x3  
  64  5:38  Overlord  
  64  5:42  Zerg Missile Weapons Level 1  
  64  5:43  Zerg Ground Armor Level 1  
  64  6:06  Zergling x8  
  64  6:07  Roach x2  
  64  6:08  Roach x7  
  64  6:09  Roach x4  
  94  6:24  Drone  
  95  6:25  Drone x2  
  95  6:26  Drone x2  
  99  6:36  Ravager x2  
  99  6:37  Ravager x4  
  99  6:39  Hatchery  
  104  7:08  Zergling x4  
  106  7:09  Overlord  
  106  7:10  Overlord x5  
  106  7:16  Metabolic Boost  
  106  7:30  Drone x5  
  106  7:31  Drone x2  
  106  7:32  Drone x2  
  106  7:33  Roach  
  106  7:36  Ravager x3  
  122  7:37  Ravager x4  
  124  8:07  Roach  
  124  8:08  Roach x5  
  124  8:10  Zergling x8  
  124  8:11  Drone  
  141  8:23  Lair  
  141  8:58  Zergling x12  
  141  8:59  Zergling x14  
  141  9:00  Zergling x8  
  158  9:09  Ravager x2  
  160  9:14  Overlord x4  
  160  9:15  Overlord  
  160  9:37  Roach  
  160  9:38  Roach, Zergling x8  
  166  9:39  Drone x3, Zergling x6  
  166  9:40  Drone, Zergling x4  
  127  10:01  Zergling x8  
  127  10:02  Zergling x6  
  134  10:29  Ravager x3  
  134  10:30  Ravager x3  
  134  10:32  Zergling x8  
  134  10:33  Zergling x10  
  149  10:38  Hatchery  
  149  10:40  Zerg Missile Weapons Level 2, Zerg Ground Armor Level 2  
  148  10:43  Glial Reconstitution  
  149  10:50  Zergling x14  
  149  10:51  Zergling x12  
  149  10:52  Zergling x4  
  163  11:13  Zergling x4  
  163  11:14  Zergling x12  
  163  11:15  Zergling x14  
  163  11:16  Zergling x2  
  93  12:46  Queen  
  95  12:59  Roach x2  
  95  13:00  Roach x7  
  95  13:01  Roach x8  
  95  13:02  Roach x6  
  141  13:30  Infestation Pit  
  140  13:40  Ravager x5  
  140  13:41  Ravager x8  
  148  13:42  Ravager x4  
  148  13:43  Ravager x3  
  148  13:44  Ravager x3  
  148  13:45  Zergling x2  
  148  13:46  Zergling x16  
  148  13:47  Zergling x12  
  148  13:48  Zergling x10  
  173  14:13  Zergling x4  
  173  14:14  Zergling x10  
  180  14:23  Zergling x10  
Tags
 
League
Silver
Matchup
TvZ
Spawn Locations
Cross Positions
Add a new tag
Caveats
  • Supply blocks, unpowered buildings, or Contaminate may cause inaccurate times.
  • Supply counts are checked every 10 seconds.